 Dungeon Crawl Stone Soup version 0.27.1-33-g824d729ab1 (webtiles) character file.

Game seed: 12077183745372094186

67 sking99 the Magician (level 4, -4/32 HPs)
             Began as a Djinni Hedge Wizard on Dec 7, 2021.
             Was a Follower of Dithmenos.
             Killed by divine providence
             ... invoked by an orc priest
              (12 damage)
             ... on level 3 of the Dungeon.
             The game lasted 00:06:16 (2661 turns).

sking99 the Magician (Djinni Hedge Wizard)          Turns: 2661, Time: 00:06:16

Health: -4/32      AC:  2    Str:  9    XL:     4   Next: 40%
Gold:   161        EV: 12    Int: 17    God:    Dithmenos [*.....] SH:  0 Dex: 12

rFire    + + .     SeeInvis .   a - +2 dagger (venom)
rCold    x . .     Faith    .   (no shield)
rNeg     . . .     Spirit   .   l - +0 robe
rPois    ∞         Reflect  .   c - +0 hat
rElec    .         Harm     .   (no cloak)
rCorr    .         Rampage  .   (no gloves)
Will     .....                  (boots unavailable)
Stlth    ++........             (no amulet)
HPRegen  0.10/turn              (no ring)
MPRegen  0.00/turn              (no ring)

@: flying, wreathed by umbra
A: sickness immunity, fire resistance 2, cold vulnerability 1, float, innate
caster, hp casting, extra vitality 1
a: Renounce Religion


You were on level 3 of the Dungeon.
You worshipped Dithmenos.
Dithmenos was aware of your devotion.
You visited 1 branch of the dungeon, and saw 3 of its levels.

You collected 181 gold pieces.
You spent 20 gold pieces at shops.

Inventory:

Hand Weapons
 a - a +2 dagger of venom (weapon)
 i - a +0 dagger
Armour
 c - a +0 hat (worn)
 l - a +0 robe (worn)
Magical Staves
 b - a staff of poison
Jewellery
 p - a ring of ice
Potions
 k - a potion of might
 o - 2 potions of ambrosia {unknown}


   Skills:
 + Level 1.5 Fighting
 + Level 3.0 Dodging
 - Level 1.5 Stealth
 * Level 3.2 Spellcasting


You couldn't memorise any spells.
You knew the following spells:

 Your Spells              Type           Power      Damage    Failure   Level
a - Magic Dart            Conj           52%        1d5       4%          1
b - Blink                 Tloc           N/A        N/A       7%          2
c - Call Imp              Summ           13%        N/A       7%          2
d - Slow                  Hex            13%        N/A       7%          2
e - Conjure Flame         Conj/Fire      13%        6-21      14%         3
f - Mephitic Cloud        Conj/Pois/Air  13%        N/A       14%         3
g - Summon Small Mammal   Summ           52%        N/A       4%          1
Your spell library was empty.

Dungeon Overview and Level Annotations

Branches:
Dungeon (3/15)

Altars:
Dithmenos

Shops:
D:3 *


Innate Abilities, Weirdness & Mutations

You are immune to sickness and miasma.
You are immune to poison.
Your flesh is very heat resistant. (rF++)
You are vulnerable to cold. (rC-)
You float through the air rather than walking.
You learn spells naturally, not from books.
Your magical power is your life essence.
You have superior vitality. (+4 HP)


Message History

Confirm with . or Enter, or press ? or * to list all spells.
A beastly little devil appears in a puff of flame.
Casting: Call Imp (safe; 7% risk of failure)
Confirm with . or Enter, or press ? or * to list all spells.
A beastly little devil appears in a puff of flame.
The orc priest completely misses your crimson imp.
Your crimson imp hits the orc priest but does no damage.
The orc priest hits your crimson imp with a +0 morningstar!
Your crimson imp hits the orc priest but does no damage.
The orc priest misses your crimson imp.
Your crimson imp hits the orc priest.
The orc priest barely misses your crimson imp.
Your crimson imp barely misses the orc priest.
The orc priest hits your crimson imp with a +0 morningstar!
Your crimson imp dies!
Your crimson imp disappears in a puff of smoke!
The orc wizard mumbles some strange words.
The orc wizard flickers and vanishes!
Deactivating autopickup; reactivate with Ctrl-A.
Your crimson imp blinks!
Casting: Call Imp (safe; 7% risk of failure)
Confirm with . or Enter, or press ? or * to list all spells.
A beastly little devil appears in a puff of flame.
The orc priest looks encouraged for a moment.
Your crimson imp barely misses the orc priest.
You hit the orc priest but do no damage.
The orc priest is poisoned.
The orc priest is lightly wounded.
The orc priest hits you with a +0 morningstar.
Your crimson imp hits the orc priest but does no damage.
You hit the orc priest.
The orc priest looks even sicker.
The orc priest is heavily wounded.
The orc priest hits you with a +0 morningstar.
Your crimson imp blinks!
The orc priest invokes the aid of Beogh against you.
Beogh smites you!
* * * LOW HITPOINT WARNING * * *
Your crimson imp closely misses the orc priest.
The orc priest invokes the aid of Beogh against you.
Beogh smites you!
You die...

## #........... .#
#########........ .#
..........####### .#
##......### .#
........# ##
........# #
........########....
.(........5.oo{o....
..........@5####.##.
.#......###..#
......... ...#
>#......###..#
#......# #.?.
#......# #.###
#......# #.. ##


You could see an orc priest (very poisoned, ally target), 2 orcs and 2 friendly
crimson imps.

Vanquished Creatures
  2 adders (D:2)
  5 endoplasms
  2 giant cockroaches
  6 goblins
  2 hobgoblins
  4 jackals (D:2)
  5 kobolds
  A quokka (D:2)
  6 ball pythons
  6 bats
  2 frilled lizards
  A rat (D:3)
  A spectral kobold (D:1)
43 creatures vanquished.

Vanquished Creatures (collateral kills)
  A goblin (D:1)
  2 hobgoblins
3 creatures vanquished.

Grand Total: 46 creatures vanquished

Notes
Turn   | Place    | Note
-------+----------+-------------------------------------------
     0 | D:1      | sking99 the Djinni Hedge Wizard began the quest for the
                  | Orb.
     0 | D:1      | Reached XP level 1. HP: 15/15 MP: 0/0
   318 | D:1      | Reached XP level 2. HP: 14/22 MP: 0/0
   966 | D:1      | Found a faded altar of an unknown god.
   998 | D:1      | Became a worshipper of Dithmenos the Shadowed
   998 | D:1      | Reached * piety under Dithmenos
  1190 | D:1      | Reached XP level 3. HP: 24/26 MP: 0/0
  1190 | D:1      | Learned a level 1 spell: Summon Small Mammal
  1489 | D:2      | Reached skill level 1 in Fighting
  2118 | D:2      | Reached XP level 4. HP: 28/32 MP: 0/0
  2587 | D:3      | Found Sios Vue's General Store.
  2593 | D:3      | Bought a scroll of identify for 20 gold pieces
  2661 | D:3      | Killed from afar by an orc priest

Illustrated notes

Levels and vault maps discovered:
D:1:      wander_arrival_peaceful_grave, layout_basic,
          dreamdust_ecumenical_altar_drowned_temple,
          corexii_item_surrounded_by_moat
D:2:      layout_rooms, chequers_serial_rivers_small_a
D:3:      layout_basic, gammafunk_temple_overflow_claw, serial_shops, shop,
          gammafunk_ghost_gnarly_gnolls

Skill      XL: |  1  2  3  4 |
---------------+-------------+-----
Fighting       | 1 |  1.5
Spellcasting   | 3 |  3.2
Dodging        | 3 |  3.0
Stealth        | |  1.5

Action                   |  1- 3 |  4- 6 || total
-------------------------+-------+-------++-------
Melee: Dagger            |    36 |    11 ||    47
 Cast: Magic Dart        |    64 |    13 ||    77
       Call Imp          |     5 |     3 ||     8
  Use: Scroll            |       |     7 ||     7
Armor: Robe              |     8 |     1 ||     9
Dodge: Dodged            |    33 |     4 ||    37
